PL
PANAMA CITY PIRANHAS @ ATLANTA SMOKE
08/18/2027
 
TOP OF THE 1ST
Panama City Piranhas batting - Pitching for Atlanta Smoke : RHP Clancy McKinney
Pitching: RHP Clancy McKinney
Batting: LHB Herman Hayes 0-0: Called Strike
0-1: Ball
1-1: Ball
2-1: Foul Ball, location: 2F
2-2: Foul Ball, location: 2F
2-2: Ground out 6-3 (Groundball, 6)
Batting: RHB Cale Sutton 0-0: Ball
1-0: Ball
2-0: Swinging Strike
2-1: Foul Ball, location: 2F
2-2: Foul Ball, location: 2F
2-2: Ball
3-2: DOUBLE (Flyball, 78XD) - OUT at third base trying to stretch hit.
Batting: RHB Baldomero Avino 0-0: Ball
1-0: Ball
2-0: Called Strike
2-1: Called Strike
2-2: Ball
3-2: Foul Ball, location: 2F
3-2: Foul Ball, location: 2F
3-2: SOLO HOME RUN (Flyball, 7LD), Distance : 375 ft
Batting: RHB Raúl Ortíz 0-0: Ball
1-0: Ball
2-0: Foul Ball, location: 2F
2-1: Ball
3-1: Ground out 6-3 (Groundball, 6)
Top of the 1st over - 1 run(s), 2 hit(s), 0 error(s), 0 left on base; Panama City 1 - Atlanta 0
BOTTOM OF THE 1ST
Atlanta Smoke batting - Pitching for Panama City Piranhas : RHP John Dempsey
Pitching: RHP John Dempsey
Batting: RHB Bartolo Morales 0-0: Ground out 6-3 (Groundball, 56)
Batting: LHB Bernardo Elías 0-0: Fly out, F6 (Line Drive, 6)
Batting: RHB Gabriel Maldonado 0-0: Called Strike
0-1: Swinging Strike
0-2: Ground out 1-3 (Groundball, 15S)
Bottom of the 1st over - 0 run(s), 0 hit(s), 0 error(s), 0 left on base; Panama City 1 - Atlanta 0
TOP OF THE 2ND
Panama City Piranhas batting - Pitching for Atlanta Smoke : RHP Clancy McKinney
Batting: RHB Juan Jose Ayala 0-0: Called Strike
0-1: SINGLE (Groundball, 4MD)
Batting: LHB Sergio Muñóz 0-0: Called Strike
0-1: Ball
1-1: Ball
2-1: Swinging Strike
2-2: Foul Ball, location: 2F
2-2: Grounds out, U3 (Groundball, 3L)
Batting: LHB Robert Adams 0-0: Ball
1-0: Ball
2-0: Ball
3-0: Base on Balls
Batting: RHB Fernando Silva 0-0: Called Strike
0-1: Ball
1-1: SINGLE (Groundball, 15S) (infield hit)
Juan Jose Ayala to third
Robert Adams to second
Batting: SHB Tsing Guao 0-0: Ball
1-0: Called Strike
1-1: Ball
Wild Pitch!
Juan Jose Ayala scores
Robert Adams to third
Fernando Silva to second
2-1: Foul Ball, location: 2F
2-2: Ball
3-2: Ground out 4-3 (Groundball, 34)
Robert Adams scores
Fernando Silva to third
Batting: LHB Herman Hayes 0-0: Ground out U3 (Groundball, 3)
Top of the 2nd over - 2 run(s), 2 hit(s), 0 error(s), 1 left on base; Panama City 3 - Atlanta 0
BOTTOM OF THE 2ND
Atlanta Smoke batting - Pitching for Panama City Piranhas : RHP John Dempsey
Batting: RHB Layton Templeman 0-0: Ball
1-0: SINGLE (Groundball, 56D)
Batting: LHB Ned Durand 0-0: Ball
1-0: Ball
2-0: Fly out, F6 (Popup, 6D)
Batting: RHB Travis Newsome 0-0: Foul Ball, location: 2F
0-1: Ball
1-1: Ball
2-1: Foul Ball, location: 2F
2-2: Foul Ball, location: 2F
2-2: Fly out, F7 (Line Drive, 7)
Batting: SHB Roku Hara 0-0: Called Strike
0-1: SINGLE (Groundball, 4D)
Layton Templeman to second
Runner from 2nd tries for 3rd, SAFE, throw made to third
Batting: RHB Clarence Fox 0-0: Called Strike
0-1: Called Strike
0-2: Ball
1-2: Ball
2-2: Ground out 3-1 (Groundball, 3D)
Bottom of the 2nd over - 0 run(s), 2 hit(s), 0 error(s), 2 left on base; Panama City 3 - Atlanta 0
TOP OF THE 3RD
Panama City Piranhas batting - Pitching for Atlanta Smoke : RHP Clancy McKinney
Batting: RHB Cale Sutton 0-0: Ground out 4-3 (Groundball, 4)
Batting: RHB Baldomero Avino 0-0: Ball
1-0: Foul Ball, location: 2F
1-1: Ball
2-1: Swinging Strike
2-2: Ball
3-2: Foul Ball, location: 2F
3-2: Ground out 5-3 (Groundball, 56S)
Batting: RHB Raúl Ortíz 0-0: Ball
1-0: Foul Ball, location: 2F
1-1: Foul Ball, location: 2F
1-2: Strikes out looking
Top of the 3rd over - 0 run(s), 0 hit(s), 0 error(s), 0 left on base; Panama City 3 - Atlanta 0
BOTTOM OF THE 3RD
Atlanta Smoke batting - Pitching for Panama City Piranhas : RHP John Dempsey
Batting: RHB Gerardo Castillo 0-0: Ball
1-0: Called Strike
1-1: Ball
2-1: Fly out, F7 (Line Drive, 78D)
Batting: RHB Bartolo Morales 0-0: Ball
1-0: Called Strike
1-1: Ball
2-1: Foul Ball, location: 2F
2-2: Ball
3-2: SINGLE (Line Drive, 6M)
Batting: LHB Bernardo Elías 0-0: Called Strike
0-1: Fielders Choice at 2nd, 1-6 (Groundball, 13)
Batting: RHB Gabriel Maldonado 0-0: Ball
1-0: Ball
2-0: Fielders Choice at 2nd, 5-4 (Groundball, 5)
Bottom of the 3rd over - 0 run(s), 1 hit(s), 0 error(s), 0 left on base; Panama City 3 - Atlanta 0
TOP OF THE 4TH
Panama City Piranhas batting - Pitching for Atlanta Smoke : RHP Clancy McKinney
Batting: RHB Juan Jose Ayala 0-0: Swinging Strike
0-1: Ball
1-1: Foul Ball, location: 2F
1-2: Ball
2-2: Foul Ball, location: 2F
2-2: Foul Ball, location: 2F
2-2: Foul Ball, location: 2F
2-2: Foul Ball, location: 2F
2-2: Foul Ball, location: 2F
2-2: Ball
3-2: Foul Ball, location: 2F
3-2: SINGLE (Line Drive, 4MD)
Batting: LHB Sergio Muñóz 0-0: Ball
1-0: Ball
2-0: Swinging Strike
2-1: Fly out, F7 (Flyball, 7LSF)
Batting: LHB Robert Adams 0-0: Ball
1-0: Ground out U3 (Groundball, 34S)
Juan Jose Ayala to second
Batting: RHB Fernando Silva 0-0: Fly out, F9 (Flyball, 9LS)
Top of the 4th over - 0 run(s), 1 hit(s), 0 error(s), 1 left on base; Panama City 3 - Atlanta 0
BOTTOM OF THE 4TH
Atlanta Smoke batting - Pitching for Panama City Piranhas : RHP John Dempsey
Batting: RHB Layton Templeman 0-0: Foul Ball, location: 2F
0-1: Foul Ball, location: 2F
0-2: Ball
1-2: Ball
2-2: Ball
3-2: Strikes out swinging
Batting: LHB Ned Durand 0-0: Ball
1-0: Called Strike
1-1: Ball
2-1: Swinging Strike
2-2: Fly out, F8 (Line Drive, 89D)
Batting: RHB Travis Newsome 0-0: Called Strike
0-1: Foul Ball, location: 2F
0-2: Foul Ball, location: 2F
0-2: Strikes out swinging
Bottom of the 4th over - 0 run(s), 0 hit(s), 0 error(s), 0 left on base; Panama City 3 - Atlanta 0
TOP OF THE 5TH
Panama City Piranhas batting - Pitching for Atlanta Smoke : RHP Clancy McKinney
Batting: SHB Tsing Guao 0-0: Foul Ball, location: 2F
0-1: Ball
1-1: Ball
2-1: Foul Ball, location: 2F
2-2: Foul Ball, location: 2F
2-2: Foul Ball, location: 2F
2-2: Foul Ball, location: 2F
2-2: Ball
3-2: Base on Balls
Batting: LHB Herman Hayes 0-0: Fly out, F7 (Flyball, 7LM)
Batting: RHB Cale Sutton 0-0: Ball
1-0: Ball
2-0: Ball
3-0: Fielders Choice at 2nd, 4-6 (Groundball, 4)
Batting: RHB Baldomero Avino 0-0: Ball
1-0: Swinging Strike
1-1: Foul Ball, location: 2F
1-2: Strikes out looking
Top of the 5th over - 0 run(s), 0 hit(s), 0 error(s), 1 left on base; Panama City 3 - Atlanta 0
BOTTOM OF THE 5TH
Atlanta Smoke batting - Pitching for Panama City Piranhas : RHP John Dempsey
Batting: SHB Roku Hara 0-0: Fly out, F7 (Flyball, 7)
Batting: RHB Clarence Fox 0-0: Ball
1-0: Ball
2-0: Foul Ball, location: 2F
2-1: SINGLE (Line Drive, 78S)
Batting: RHB Gerardo Castillo 0-0: Ball
1-0: Called Strike
Clarence Fox steals 2nd base
1-1: SINGLE (Groundball, 6MD)
Clarence Fox to third
Runner from 3rd tries for Home, SAFE, no throw
Batting: RHB Bartolo Morales 0-0: Foul Ball, location: 2F
0-1: Ball
1-1: Ball
2-1: Foul Ball, location: 2F
2-2: Strikes out swinging
Batting: LHB Bernardo Elías 0-0: Ball
1-0: SINGLE (Groundball, 4) (infield hit)
Gerardo Castillo to second
Batting: RHB Gabriel Maldonado 0-0: Ball
1-0: Called Strike
1-1: Swinging Strike
1-2: Ball
2-2: Ball
3-2: Fly out, F7 (Flyball, 7D)
Bottom of the 5th over - 1 run(s), 3 hit(s), 0 error(s), 2 left on base; Panama City 3 - Atlanta 1
TOP OF THE 6TH
Panama City Piranhas batting - Pitching for Atlanta Smoke : RHP Clancy McKinney
Batting: RHB Raúl Ortíz 0-0: Ground out U3 (Groundball, 34S)
Batting: RHB Juan Jose Ayala 0-0: Ball
1-0: Ball
2-0: SINGLE (Groundball, 34D)
Pitching: RHP Bruce Hamilton
Batting: LHB Sergio Muñóz 0-0: Called Strike
0-1: Ball
1-1: Ball
2-1: Grounds into double play, 4-6-3 (Groundball, 4)
Top of the 6th over - 0 run(s), 1 hit(s), 0 error(s), 0 left on base; Panama City 3 - Atlanta 1
BOTTOM OF THE 6TH
Atlanta Smoke batting - Pitching for Panama City Piranhas : RHP John Dempsey
Batting: RHB Layton Templeman 0-0: Called Strike
0-1: Ground out 6-3 (Groundball, 6)
Batting: LHB Ned Durand 0-0: Ball
1-0: Called Strike
1-1: Called Strike
1-2: Hit by Pitch
Batting: RHB Travis Newsome 0-0: Foul Ball, location: 2F
0-1: Ball
1-1: Ball
2-1: Swinging Strike
2-2: Fielders Choice at 2nd, 6-4 (Groundball, 6)
Batting: SHB Roku Hara 0-0: Called Strike
0-1: Called Strike
0-2: Strikes out looking
Bottom of the 6th over - 0 run(s), 0 hit(s), 0 error(s), 1 left on base; Panama City 3 - Atlanta 1
TOP OF THE 7TH
Panama City Piranhas batting - Pitching for Atlanta Smoke : RHP Bruce Hamilton
Batting: LHB Robert Adams 0-0: Called Strike
0-1: Called Strike
0-2: Ball
1-2: Fly out, F9 (Line Drive, 9)
Batting: RHB Fernando Silva 0-0: Called Strike
0-1: Foul Ball, location: 2F
0-2: Ground out 1-5-3 (Groundball, 15S)
Batting: SHB Tsing Guao 0-0: Ground out 6-3 (Groundball, 6M)
Top of the 7th over - 0 run(s), 0 hit(s), 0 error(s), 0 left on base; Panama City 3 - Atlanta 1
BOTTOM OF THE 7TH
Atlanta Smoke batting - Pitching for Panama City Piranhas : RHP John Dempsey
Batting: RHB Clarence Fox 0-0: Ball
1-0: Called Strike
1-1: Foul Ball, location: 2F
1-2: Ball
2-2: Strikes out swinging
Batting: RHB Gerardo Castillo 0-0: Fly out, F9 (Flyball, 9LS)
Batting: RHB Bartolo Morales 0-0: Ball
1-0: Called Strike
1-1: Ball
2-1: Ball
3-1: Foul Ball, location: 2F
3-2: SINGLE (Line Drive, 8LS)
Pitching: RHP Anderson O'Mara
Batting: LHB Bernardo Elías 0-0: Ball
1-0: Swinging Strike
1-1: Ball
2-1: Fly out, F8 (Flyball, 8RM)
Bottom of the 7th over - 0 run(s), 1 hit(s), 0 error(s), 1 left on base; Panama City 3 - Atlanta 1
TOP OF THE 8TH
Panama City Piranhas batting - Pitching for Atlanta Smoke : RHP Bruce Hamilton
Batting: LHB Herman Hayes 0-0: Ball
1-0: Ground out U3 (Groundball, 3)
Batting: RHB Cale Sutton 0-0: Called Strike
0-1: SINGLE (Line Drive, 56)
Batting: RHB Baldomero Avino 0-0: Ball
1-0: Foul Ball, location: 2F
1-1: Ball
2-1: Reached on error, E1 (Groundball, 13S)
Cale Sutton to second
Batting: RHB Raúl Ortíz 0-0: Foul Ball, location: 2F
0-1: Called Strike
0-2: Strikes out swinging
Batting: RHB Juan Jose Ayala 0-0: Called Strike
0-1: Swinging Strike
0-2: Ball
1-2: Fielders Choice at 2nd, 4-6 (Groundball, 34)
Top of the 8th over - 0 run(s), 1 hit(s), 1 error(s), 1 left on base; Panama City 3 - Atlanta 1
BOTTOM OF THE 8TH
Atlanta Smoke batting - Pitching for Panama City Piranhas : RHP Anderson O'Mara
Batting: RHB Gabriel Maldonado 0-0: Ball
1-0: Called Strike
1-1: Fly out, F8 (Flyball, 78M)
Batting: RHB Layton Templeman 0-0: Ball
1-0: Ball
2-0: Ball
3-0: Called Strike
3-1: Foul Ball, location: 2F
3-2: Strikes out looking
Batting: LHB Ned Durand 0-0: Ground out 5-3 (Groundball, 56S)
Bottom of the 8th over - 0 run(s), 0 hit(s), 0 error(s), 0 left on base; Panama City 3 - Atlanta 1
TOP OF THE 9TH
Panama City Piranhas batting - Pitching for Atlanta Smoke : RHP Bruce Hamilton
Batting: LHB Sergio Muñóz 0-0: Ball
1-0: Called Strike
1-1: Ball
2-1: Called Strike
2-2: Ground out 6-3 (Groundball, 6S)
Pitching: LHP Manuel Rodríguez
Batting: LHB Robert Adams 0-0: SOLO HOME RUN (Flyball, 9D), Distance : 396 ft
Batting: RHB Fernando Silva 0-0: Fly out, F8 (Flyball, 8RS)
Batting: SHB Tsing Guao 0-0: Foul Ball, location: 2F
0-1: Foul Ball, location: 2F
0-2: Ball
1-2: Foul Ball, location: 2F
1-2: Foul Ball, location: 2F
1-2: Ground out 6-3 (Groundball, 6)
Top of the 9th over - 1 run(s), 1 hit(s), 0 error(s), 0 left on base; Panama City 4 - Atlanta 1
BOTTOM OF THE 9TH
Atlanta Smoke batting - Pitching for Panama City Piranhas : RHP Anderson O'Mara
Pitching: RHP Edgardo Marín
Batting: RHB Travis Newsome 0-0: Ground out 5-3 (Groundball, 56)
Batting: SHB Roku Hara 0-0: Fly out, F7 (Flyball, 7S)
Batting: RHB Clarence Fox 0-0: Ball
1-0: Foul Ball, location: 2F
1-1: Foul Ball, location: 2F
1-2: Strikes out swinging
Bottom of the 9th over - 0 run(s), 0 hit(s), 0 error(s), 0 left on base; Panama City 4 - Atlanta 1
Saturday, May 26th, 2018 - OOTP Baseball 17.12 Build 75